 Dungeon Crawl Stone Soup version 0.31-a0-841-g038b102fc3 (webtiles) character file.

Game seed: 9006980050551176621

142 Kurtz the Chopper (level 5, -5/36 HPs)
             Began as an Octopode Fighter on Sept 28, 2023.
             Slain by a gnoll
             ... wielding a +0 whip
              (9 damage)
             ... on level 3 of the Dungeon.
             The game lasted 00:01:33 (1780 turns).

Kurtz the Chopper (Octopode Fighter)                Turns: 1780, Time: 00:01:33

Health: -5/36      AC:  1    Str: 15    XL:     5   Next: 24%
Magic:  5/5        EV: 13    Int: 11    God:
Gold:   31         SH:  4    Dex: 13    Spells: 4/4 levels left

rFire   . . .        a - +0 war axe
rCold   . . .        b - +0 buckler
rNeg    . . .        (helmet restricted)
rPois   .            (no amulet)
rElec   .            (no ring)
rCorr   .            (no ring)
SInv    .            (no ring)
Will    .....        (no ring)
Stlth   ++           (no ring)
HPRegen 0.26/turn    (no ring)
MPRegen 0.09/turn    (no ring)
                     (no ring)

%: no passive effects
@: mighty
A: almost no armour, amphibious, 8 rings, camouflage 1, gelatinous body 1,
(nimble swimmer 1), tentacles
a: no special abilities


You were on level 3 of the Dungeon.
You visited 1 branch of the dungeon, and saw 3 of its levels.

You collected 73 gold pieces.
You spent 42 gold pieces at shops.

Inventory:

Hand Weapons
 a - a +0 war axe (weapon)
Armour
 b - a +0 buckler (worn)
Jewellery
 d - a ring of positive energy
 g - a ring of willpower
Scrolls
 f - a scroll of identify {unknown}
 i - a scroll of teleportation {unknown}
 j - 3 scrolls of vulnerability {unknown}
Potions
 e - 2 potions of attraction {unknown}
 h - a potion of curing


   Skills:
 - Level 3.0 Fighting
 * Level 5.3 Axes
 - Level 3.0 Dodging
 - Level 3.0 Shields


You had 4 spell levels left.
You didn't know any spells.
Your spell library contained the following spells:

 Spells                   Type           Power      Damage    Failure   Level
 Vhi's Electric Charge    Tloc/Air       0%         N/A       99%         4
 Arcjolt                  Conj/Air       0%         1d10      100%        5
 Maxwell's Capacitive Co  Air            0%         ∞         100%        8


Dungeon Overview and Level Annotations

Branches:
Dungeon (3/15)

Altars:

Shops:
D:2 !


Innate Abilities, Weirdness & Mutations

You cannot wear most types of armour.
You are amphibious.
You can wear up to eight rings at the same time.
Your skin changes colour to match your surroundings (Stealth+).
Your rubbery body absorbs attacks. (AC +1, EV +1)
((You are camouflaged when in or above water. (Stealth+)))
You have tentacles for arms and can constrict up to eight enemies at once.


Message History

There are monsters nearby!
The gnoll hits you from afar with a +0 spear!
You block the gnoll's attack.
There are monsters nearby!
You completely miss the gnoll. Your grab misses the gnoll.
The gnoll hits you from afar with a +0 spear!
The gnoll hits you with a +0 whip.
You are too injured to fight recklessly!
You are too injured to fight recklessly!
Unknown command.
You are too injured to fight recklessly!
Unknown command.
You are too injured to fight recklessly!
You are too injured to fight recklessly!
You feel very mighty all of a sudden. The gnoll completely misses you.
The gnoll barely misses you.
You feel better. The gnoll misses you. The gnoll closely misses you.
You closely miss the gnoll. Your grab misses the gnoll.
The gnoll hits you with a +0 whip! The gnoll barely misses you.
You completely miss the gnoll. You grab the gnoll. You constrict the gnoll.
The gnoll closely misses you. The gnoll hits you with a +0 whip!
* * * LOW HITPOINT WARNING * * *
You slash the gnoll!
The gnoll is almost dead.
You constrict the gnoll.
You kill the gnoll!
The gnoll misses you. The gnoll closely misses you.
You block the gnoll's attack.
You see here a +0 whip.
Unknown command.
You barely miss the gnoll. You grab the gnoll. You squeeze the gnoll.
The gnoll is heavily wounded.
You constrict the gnoll, but do no damage.
The gnoll hits you with a +0 spear.
* * * LOW HITPOINT WARNING * * *
You slice the gnoll!!
You kill the gnoll!
You closely miss the gnoll. Your grab misses the gnoll.
The gnoll hits you with a +0 whip!
You die...

..... ....B...
[...#.. ###.....# ...
.......##... #
#.$#.....$..
#####.#####..#.......
.....(g@...........#
#####.###..#.#.....#
#####.##..#......#.
#........##..#..##
#.....#........##
#.....##....####
#...........#
#.....##...##
#.)........#


You could see a gnoll.

Vanquished Creatures
  Jessica (D:2)
  2 gnolls (D:3)
  2 adders (D:2)
  2 worms (D:2)
  A dart slug (D:1)
  4 ball pythons
  5 endoplasms
  2 giant cockroaches (D:2)
  8 goblins
  5 hobgoblins
  11 jackals
  4 quokkas
  3 bats
  6 kobolds
  6 rats
62 creatures vanquished.

Notes
Turn   | Place    | Note
-------+----------+-------------------------------------------
     0 | D:1      | Kurtz the Octopode Fighter began the quest for the Orb.
     0 | D:1      | Reached XP level 1. HP: 16/16 MP: 1/1
   278 | D:1      | Reached XP level 2. HP: 16/21 MP: 2/2
   521 | D:1      | Reached skill level 3 in Axes
   800 | D:1      | Reached XP level 3. HP: 16/26 MP: 3/3
   939 | D:1      | You fall into a shaft and drop 1 floor!
  1055 | D:2      | Reached skill level 4 in Axes
  1101 | D:2      | Reached XP level 4. HP: 29/31 MP: 4/4
  1198 | D:2      | Found Koqem's Distillery.
  1221 | D:2      | Bought a potion of curing for 42 gold pieces
  1607 | D:2      | Noticed Jessica
  1612 | D:2      | Killed Jessica
  1613 | D:2      | Reached skill level 5 in Axes
  1613 | D:2      | Reached XP level 5. HP: 25/36 MP: 5/5
  1780 | D:3      | Slain by a gnoll

Illustrated notes

Levels and vault maps discovered:
D:1:      nagdon_arrival_double_spiral, layout_basic, minmay_gold_behind_fungi,
          minmay_hedge_maze, st_stairs_5
D:2:      kennysheep_the_goblin_king, layout_basic, serial_shops, shop,
          minmay_pentomino_u2, uniq_jessica
D:3:      layout_rooms, kennysheep_boxes

Skill      XL: |  1  2  3  4 |
---------------+-------------+-----
Axes           | 3 4 5 |  5.3
Fighting       | |  3.0
Dodging        | |  3.0
Shields        | |  3.0

Action                     |  1- 3 |  4- 6 || total
---------------------------+-------+-------++-------
  Melee: War axe           |   102 |    35 ||   137
         Tentacles         |    30 |     7 ||    37
         Constrict         |    18 |     9 ||    27
         Punch             |       |     1 ||     1
    Use: Potion            |       |     2 ||     2
   Stab: Sleeping          |     5 |     2 ||     7
 Armour: Skin              |    31 |    26 ||    57
  Dodge: Dodged            |    38 |    30 ||    68
  Block: Buckler           |    13 |     5 ||    18

Table legend: (Time is in decaauts)
 A = Elapsed time spent in this place.
 B = Non-inter-level travel time spent in this place.
 C = Inter-level travel time spent in this place.
 D = Time resting spent in this place.
 E = Time spent auto-exploring this place.
 F = Levels seen in this place.
 G = Mean time per level.
                   A        B        C        D        E       F      G
               +--------+--------+--------+--------+--------+-----+--------+
         Total |   1829 |   1805 |     24 |    137 |   1249 |   3 |  609.7 |
       Dungeon |   1829 |   1805 |     24 |    137 |   1249 |   3 |  609.7 |
               +--------+--------+--------+--------+--------+-----+--------+

Top non-repeatable levels by time:
     D:1: 973 daAuts
     D:2: 819 daAuts
     D:3: 37 daAuts
